 Dungeon Crawl Stone Soup version 0.30-a0-1161-g0704695555 (webtiles) character file.

Game seed: 7323355117810424700

58 Dittersdorf the Shield-Bearer (level 4, -4/29 HPs)
             Began as a Gargoyle Fighter on Apr 27, 2023.
             Slain by an iguana (6 damage)
             ... on level 2 of the Dungeon.
             The game lasted 00:01:29 (1422 turns).

Dittersdorf the Shield-Bearer (Gargoyle Fighter)    Turns: 1422, Time: 00:01:30

Health: -4/29      AC: 10    Str: 22    XL:     4   Next: 2%
Magic:  4/4        EV:  9    Int:  8    God:
Gold:   115        SH:  4    Dex:  9    Spells: 3/3 levels left

rFire   . . .        a - +0 flail
rCold   . . .        c - +0 buckler
rNeg    + . .        b - +0 scale mail
rPois   ∞            (no helmet)
rElec   +            (no cloak)
rCorr   .            (no gloves)
SInv    .            (no boots)
Will    .....        j - amulet of regeneration Stlth
                     (no ring)
HPRegen 1.04/turn    (no ring)
MPRegen 0.09/turn

%: no passive effects
@: no status effects
A: sickness immunity, AC +3, negative energy resistance 1, electricity
resistance, torment resistance 1, petrification resistance
a: no special abilities


You were on level 2 of the Dungeon.
You visited 1 branch of the dungeon, and saw 3 of its levels.

You collected 115 gold pieces.

Inventory:

Hand Weapons
 a - a +0 flail (weapon)
Armour
 b - a +0 scale mail (worn)
 c - a +0 buckler (worn)
Jewellery
 j - an amulet of regeneration (around neck)
Scrolls
 e - 2 scrolls of teleportation {unknown}
 i - a scroll of identify {unknown}
 k - a scroll of noise {unknown}
 o - a scroll of fog {unknown}
Potions
 d - a potion of might
 f - a potion of mutation {unknown}
 g - a potion of ambrosia {unknown}
 h - a potion of degeneration {unknown}
 l - a potion of lignification {unknown}
 m - a potion of flight {unknown}
 n - a potion of berserk rage {unknown}


   Skills:
 + Level 3.8 Fighting
 + Level 2.7 Maces & Flails
 + Level 3.8 Armour
 + Level 3.9 Shields


You had 3 spell levels left.
You didn't know any spells.
Your spell library contained the following spells:

 Spells                   Type           Power      Damage    Failure   Level
 Static Discharge         Conj/Air       0%         2-2/arc   90%         2
 Airstrike                Air            0%         2d(0-16)  100%        4
 Summon Lightning Spire   Summ/Air       0%         N/A       100%        4


Dungeon Overview and Level Annotations

Branches:
Dungeon (3/15)

Altars:

Shops:
D:1 [

Annotations:
D:2 Terence


Innate Abilities, Weirdness & Mutations

You are immune to sickness and miasma.
Your stone body is resilient. (AC +3)
You are immune to poison.
You resist negative energy. (rN+)
You are resistant to electric shocks. (rElec)
You are resistant to unholy torment.
You are immune to petrification.


Message History

No target in view!
No target in view!
No target in view!
No target in view!
No target in view!
You see here a giant cockroach corpse.
Found a scale mail.
Done exploring.
No target in view!
Done exploring.
(D) Dungeon
Where to? (Enter - D:2, ? - help)
What level of the Dungeon? (default 1, ? - help)
There is a stone staircase leading down here.
You climb downwards.
Terence shouts!
The adder hisses angrily.
Found a scroll labelled FAEXKI VUIGISM and a quarterstaff.
There is a stone staircase leading up here.
There are monsters nearby!
The iguana hisses menacingly.
The adder bites you but does no damage. x2
Terence hits you with a +1 flail of holy wrath.
You block the iguana's attack.
You climb upwards.
There is a stone staircase leading down here.
You hit Terence but do no damage. The adder barely misses you.
The iguana bites you but does no damage.
Terence closely misses you.
You closely miss the adder. The adder bites you. The iguana barely misses you.
Terence hits you with a +1 flail of holy wrath.
You block the adder's attack.
You closely miss the adder. The adder bites you but does no damage.
The iguana bites you! Terence hits you but does no damage.
The adder barely misses you.
You closely miss the adder. The iguana bites you!
* * * LOW HITPOINT WARNING * * *
Terence hits you with a +1 flail of holy wrath.
* * * LOW HITPOINT WARNING * * *
You block the adder's attack. The iguana bites you.
You die...

#..# ##..# #.#......##
#..###### ##.# #.#.......^
###.......# #.#
#.##.....## ........#.#
#.# #.........#
###..##.#.# #.#
######.##.# ........#.#
#.# #.##.# ######..#.# #.#
#..... #..#.#######@#####
#..... #.#.......S@....<##
#..... #.##.....###l.....#
#..... #.#.#....#
#####..#####.....
#..#####.# #............
######..# #.#
#.######.#... ........#
#.# #.# #.##.#
##.####>#####.# #.# #.##.#
..............#######.####
#.##.#
##.###.######....<.......#
#.##.#


You could see Terence, an iguana and an adder.

Vanquished Creatures
  2 adders (D:2)
  2 worms (D:2)
  A dart slug (D:1)
  4 ball pythons
  3 endoplasms
  A giant cockroach (D:2)
  4 goblins
  3 hobgoblins (D:1)
  2 quokkas (D:2)
  5 bats (D:1)
  3 frilled lizards (D:1)
  A kobold (D:2)
  4 rats
35 creatures vanquished.

Notes
Turn   | Place    | Note
-------+----------+-------------------------------------------
     0 | D:1      | Dittersdorf the Gargoyle Fighter began the quest for the
                  | Orb.
     0 | D:1      | Reached XP level 1. HP: 14/14 MP: 1/1
   291 | D:1      | Reached XP level 2. HP: 19/19 MP: 2/2
   538 | D:1      | Found Lohergh's Armour Shop.
   845 | D:2      | Reached XP level 3. HP: 24/24 MP: 3/3
  1197 | D:2      | Reached XP level 4. HP: 29/29 MP: 4/4
  1413 | D:3      | Noticed Terence
  1422 | D:2      | Slain by an iguana

Illustrated notes

Levels and vault maps discovered:
D:1:      scummos_arrival_checkerplants, layout_basic, serial_shops, shop
D:2:      layout_loops_ring
D:3:      layout_rooms, mainiacjoe_overflow_brackets, makhleb_altar_promises_db,
          nicolae_overflow_hidden_temple, nemelex_diamond_rough_becter,
          zin_angel, uniq_terence

Action                     |  1- 3 |  4- 6 || total
---------------------------+-------+-------++-------
  Melee: Flail             |   122 |     5 ||   127
 Armour: Scale mail        |    69 |     5 ||    74
  Dodge: Dodged            |    67 |     4 ||    71
  Block: Buckler           |    20 |     3 ||    23

Table legend: (Time is in decaauts)
 A = Elapsed time spent in this place.
 B = Non-inter-level travel time spent in this place.
 C = Inter-level travel time spent in this place.
 D = Time resting spent in this place.
 E = Time spent auto-exploring this place.
 F = Levels seen in this place.
 G = Mean time per level.
                   A        B        C        D        E       F      G
               +--------+--------+--------+--------+--------+-----+--------+
         Total |   1463 |   1397 |     66 |      0 |   1103 |   3 |  487.7 |
       Dungeon |   1463 |   1397 |     66 |      0 |   1103 |   3 |  487.7 |
               +--------+--------+--------+--------+--------+-----+--------+

Top non-repeatable levels by time:
     D:1: 839 daAuts
     D:2: 619 daAuts
     D:3: 4 daAuts
